 Dungeon Crawl Stone Soup version 0.19-a0-320-gcfc3c9c (webtiles) character file.

28 Etesian the Shield-Bearer (level 3, 23/23 HPs)
             Began as a Gargoyle Fighter on May 28, 2016.
             Quit the game on level 1 of the Dungeon.
             The game lasted 00:01:43 (858 turns).

Etesian the Shield-Bearer (Gargoyle Fighter)         Turns: 858, Time: 00:01:44

Health: 23/23      AC: 12    Str: 20    XL:     3   Next: 14%
Magic:  3/3        EV:  7    Int:  6    God:
Gold:   16         SH: 12    Dex:  9    Spells: 0 memorised, 2 levels left

rFire  . . .     SeeInvis .     a - +0 flail
rCold  . . .     Gourm    .     b - +0 scale mail
rNeg   + . .     Faith    .     c - +0 shield
rPois  ∞         Spirit   .     (no helmet)
rElec  +         Dismiss  .     (no cloak)
rCorr  .         Reflect  +     (no gloves)
SustAt .         Harm     .     (no boots)
MR     .....                    g - +3 amulet of reflection
Stlth  ..........               (no ring)
                                (no ring)

@: not resistant to hostile enchantments, extremely unstealthy
A: thin metallic scales 1, dopey 1, negative energy resistance 1, electricity
resistance, unbreathing, petrification resistance, rot immunity, subdued magic
1, AC +3
a: no special abilities


You were on level 1 of the Dungeon.
You were not hungry.

You visited 1 branch of the dungeon, and saw 1 of its levels.

You collected 16 gold pieces.

Inventory:

Hand Weapons
 a - a +0 flail (weapon)
Armour
 b - a +0 scale mail (worn)
 c - a +0 shield (worn)
Jewellery
 g - a +3 amulet of reflection (around neck)
Scrolls
 j - a scroll of identify
Potions
 d - a potion of might
Comestibles
 f - a bread ration


   Skills:
 + Level 3.4 Fighting
 * Level 2.6 Maces & Flails
 + Level 3.6 Armour
 + Level 3.7 Shields


You had 2 spell levels left.
You didn't know any spells.

Dungeon Overview and Level Annotations

Branches:
Dungeon (1/15)

Altars:


Innate Abilities, Weirdness & Mutations

You are resistant to torment.
Your stone body is resilient (AC +3).
You are immune to poison.
You resist negative energy. (rN+)
You are resistant to electric shocks. (rElec)
You can survive without breathing.
You are immune to petrification.
You are immune to rotting.
You are partially covered in thin metallic scales. (AC +2)
You are dopey. (Int -2)
Your spells are a little easier to cast, but a little less powerful.


Message History

There is a stone staircase leading down here.
Done exploring.
Done exploring.
There is a stone staircase leading down here.
Read which item? (? for menu, Esc to quit)
As you read the scroll labeled ANLIAZ AHUM, it crumbles to dust.
It is a scroll of identify.
Identify which item? (\ to view known items) (? for menu, Esc to quit)
e - a potion of mutation Read which item? (? for menu, Esc to quit)
As you read the scroll labeled SYBBAG VAEHIUFENO, it crumbles to dust.
It is a scroll of amnesia.
You feel forgetful for a moment.
Drink which item? (? for menu, Esc to quit)
You feel extremely strange.
Your connection to magic feels subdued.
You feel stupid.
Thin metallic scales grow over part of your body.
All of the chunks of flesh in your inventory have rotted away.
Unknown command.
Are you sure you want to abandon this character and quit the game? (Confirm with "yes".)

########..# #..# #..######
#.......# #.......#
####.......##################
#......).....................
#....######...###############
#...........@....####......##
#....######........##.####.##
###### #........##.#..#)##
##...............(.
#.......##.##..###
#.......##.......#
######.######.)#.# #..#
#..#.# ##.## #..#.#


There were no monsters in sight!

Vanquished Creatures
  An ooze (D:1)
  2 giant cockroaches (D:1)
  2 goblins (D:1)
  2 hobgoblins (D:1)
  5 jackals (D:1)
  3 bats (D:1)
  A giant newt (D:1)
  3 kobolds (D:1)
  3 rats (D:1)
22 creatures vanquished.

Notes
Turn   | Place    | Note
--------------------------------------------------------------
     0 | D:1      | Etesian the Gargoyle Fighter began the quest for the Orb.
     0 | D:1      | Reached XP level 1. HP: 14/14 MP: 1/1
   172 | D:1      | Reached XP level 2. HP: 16/19 MP: 2/2
   643 | D:1      | Reached XP level 3. HP: 23/23 MP: 3/3
   857 | D:1      | Gained mutation: Your spells are a little easier to cast, but a little less powerful. [potion of mutation]
   857 | D:1      | Gained mutation: You are dopey. (Int -2) [potion of mutation]
   857 | D:1      | Gained mutation: You are partially covered in thin metallic scales. (AC +2) [potion of mutation]
   858 | D:1      | Quit the game

Vault maps used:
D:1:      tarquinn_simple_flora_water_a

Action                   || total
-------------------------++-------
Melee: Flail             ||    96
  Use: Scroll            ||     2
       Potion            ||     1
Armor: Scale mail        ||    48
Dodge: Dodged            ||    36
Block: Shield            ||    82
